 Dungeon Crawl Stone Soup version 0.31.0-11-ge490571c62 (webtiles) character file.

Game seed: 6616724383941958214

133 octoduck the Firebug (level 4, -6/33 HPs)
             Began as a Draconian Fire Elementalist on Feb 4, 2024.
             Mangled by Menkaure (17 damage)
             ... on level 4 of the Dungeon.
             The game lasted 00:07:04 (3075 turns).

octoduck the Firebug (Draconian Fire Elementalist)  Turns: 3075, Time: 00:07:06

Health: -6/33      AC:  6    Str: 10    XL:     4   Next: 93%
Magic:  2/7        EV: 12    Int: 17    God:
Gold:   111        SH:  0    Dex: 12    Spells: 4/7 levels left

rFire   + + .        l - staff of fire
rCold   . . .        (no shield)
rNeg    . . .        (body armour unavailable)
rPois   .            (helmet restricted)
rElec   .            (no cloak)
rCorr   .            (no gloves)
SInv    .            o - +0 pair of boots
Will    .....        m - amulet of magic regeneration
Stlth   ++           e - ring of fire
HPRegen 0.25/turn    g - ring of protection from cold
MPRegen 0.50/turn

%: no passive effects
@: no status effects
A: AC +5, unfitting armour, cold-blooded
a: no special abilities


You were on level 4 of the Dungeon.
You visited 1 branch of the dungeon, and saw 4 of its levels.

You collected 111 gold pieces.

Inventory:

Hand Weapons
 d - a +1 dagger
Missiles
 f - 9 javelins
Armour
 i - a +0 buckler
 o - a +0 pair of boots (worn)
Magical Staves
 l - a staff of fire (weapon)
Jewellery
 e - a ring of fire (left hand)
 g - a ring of protection from cold (right hand)
 m - an amulet of magic regeneration (around neck)
 u - a ring of flight
 v - an amulet of faith
 x - a ring of positive energy
Scrolls
 b - a scroll of teleportation {unknown}
 c - a scroll of vulnerability {unknown}
 k - a scroll of butterflies {unknown}
 n - 2 scrolls of poison
 r - a scroll of blinking {unknown}
 s - a scroll of enchant weapon
Potions
 a - a potion of magic
 h - a potion of attraction {unknown}
 j - 3 potions of enlightenment
 p - 2 potions of curing
 q - a potion of might {unknown}
 t - a potion of haste {unknown}
 w - a potion of brilliance {unknown}


   Skills:
 - Level 1.7 Dodging
 + Level 2.7 Stealth
 - Level 2.0 Spellcasting
 * Level 3.1 Conjurations
 * Level 4.2 Fire Magic


You had 4 spell levels left.
You knew the following spells:

 Your Spells              Type           Power      Damage    Failure   Level
a - Foxfire               Conj/Fire      100%       2x1d9     4%          1
b - Scorch                Fire           72%        2d8       4%          2

Your spell library contained the following spells:

 Spells                   Type           Power      Damage    Failure   Level
 Inner Flame              Hex/Fire       20%        N/A       24%         3
 Volatile Blastmotes      Fire/Tloc      40%        2d13      24%         3
 Sublimation of Blood     Necr           1%         N/A       28%         2
 Flame Wave               Conj/Fire      31%        2d9       38%         4
 Petrify                  Alch/Erth      1%         N/A       88%         4
 Irradiate                Conj/Alch      3%         3d12      96%         5


Dungeon Overview and Level Annotations

Branches:
Dungeon (4/15)
 Temple: D:4-7

Altars:
Okawaru

Shops:
D:3 (

Annotations:
D:4 Menkaure


Innate Abilities, Weirdness & Mutations

Your plain brown scales are hard. (AC +5)
You cannot fit into any form of body armour.
You are cold-blooded and may be slowed by cold attacks.


Message History

Menkaure gestures at you while chanting.
Pain shoots through your body!
Casting: Scorch (safe; 4% risk of failure)
Confirm with . or Enter, or press ? or * to list all spells.
You feel a strong surge of power!
Flames lash the endoplasm.
You kill the endoplasm!
Menkaure hits you! Menkaure closely misses you.
Menkaure hits you but does no damage.
Unknown command.
Casting: Scorch (safe; 4% risk of failure)
Confirm with . or Enter, or press ? or * to list all spells.
You feel a strong surge of power!
Flames lash Menkaure.
Menkaure is lightly damaged.
Menkaure's fire resistance burns away.
You hear an angry hiss.
Menkaure closely misses you.
Menkaure points at you and mumbles some strange words.
Pain shoots through your body!
Okay, then.
You feel better.
Menkaure is no longer more vulnerable to fire.
Menkaure calls on the powers of darkness!
Your body is wracked with pain!
Okay, then.
You aren't carrying any items that you can evoke.
Casting: Scorch (safe; 4% risk of failure)
Confirm with . or Enter, or press ? or * to list all spells.
You feel a strong surge of power!
Flames lash Menkaure.
Menkaure is burned terribly!
Menkaure is moderately damaged.
Menkaure's fire resistance burns away.
Menkaure closely misses you. x2
Unknown command.
Casting: Scorch (safe; 4% risk of failure)
Confirm with . or Enter, or press ? or * to list all spells.
You feel a strong surge of power!
Flames lash Menkaure.
Menkaure is burned terribly!
Menkaure is moderately damaged.
Menkaure hits you!
Ouch! That really hurt!
You die...

..>......#..)..#
..[.... ..%....#
##. .......
#...[.# #..
....... #.....#
#.# ......J
##.....# #.#
....... #.J....#
#.#
......S##.####$#
#.# ..$....J..#
#M####>#
.........##
#.@.##.#
##.#####.#
###....# #.#
##..## #.. #.<.#
...# #...# .#.#
#.#... . ..
#.###... ..
....# .## ...#


You could see Menkaure (fast, combustible).

Vanquished Creatures
  A bombardier beetle (D:3)
  4 adders (D:3)
  A dart slug (D:2)
  A ribbon worm (D:3)
  2 orcs (D:3)
  4 ball pythons
  5 bats
  7 endoplasms
  A giant cockroach (D:3)
  3 hobgoblins
  4 jackals
  4 quokkas
  5 frilled lizards
  3 goblins
  6 kobolds
  3 rats
54 creatures vanquished.

Vanquished Creatures (others)
  94 foxfires
94 creatures vanquished.

Grand Total: 148 creatures vanquished

Notes
Turn   | Place    | Note
-------+----------+-------------------------------------------
     0 | D:1      | octoduck the Draconian Fire Elementalist began the quest
                  | for the Orb.
     0 | D:1      | Reached XP level 1. HP: 14/14 MP: 3/3
   206 | D:1      | Reached XP level 2. HP: 20/20 MP: 3/5
   220 | D:1      | Learned a level 2 spell: Scorch
  1166 | D:2      | Reached XP level 3. HP: 26/26 MP: 6/6
  1894 | D:2      | Identified the +7 chain mail "Ginatoet" {rPois Will+}
  2332 | D:3      | Reached skill level 4 in Fire Magic
  2332 | D:3      | Reached XP level 4. HP: 33/33 MP: 7/7
  2507 | D:3      | Found an iron altar of Okawaru.
  2821 | D:3      | Found Rauts's Antique Weapon Shoppe.
  3056 | D:4      | Noticed Menkaure
  3075 | D:4      | Mangled by Menkaure

Illustrated notes

Levels and vault maps discovered:
D:1:      dpeg_arrival_boxes_within_box, layout_basic
D:2:      layout_basic, grunt_decor_one_mirror
D:3:      layout_basic, okawaru_trees_1, serial_shops, shop,
          amcnicky_mini_pool_small, hex_tiny
D:4:      layout_rooms, uniq_menkaure, uniq_edmund, uniq_pikel

Skill      XL: |  1  2  3  4 |
---------------+-------------+-----
Stealth        | 2 |  2.7
Conjurations   | 2 3 |  3.1
Fire Magic     | 4 |  4.2
Dodging        | |  1.7
Spellcasting   | |  2.0

Action                     |  1- 3 |  4- 6 || total
---------------------------+-------+-------++-------
  Melee: Dagger            |     9 |       ||     9
         Staff             |     1 |     2 ||     3
   Cast: Foxfire           |    48 |    14 ||    62
         Scorch            |     3 |     9 ||    12
    Use: Scroll            |     3 |     1 ||     4
         Potion            |       |     1 ||     1
 Armour: Skin              |    13 |    12 ||    25
  Dodge: Dodged            |    13 |    13 ||    26
